Map: Deathaura LE

Players

DnS - Winner!

  • Race: Protoss Protoss
  • Spawn Location: 5:00

Kas

  • Race: Terran Terran
  • League: Grandmaster
  • Spawn Location: 11:00

Event: DreamHack SC2 Masters 2020 Winter

VOD

Have the link to the VOD?

Description

Time

  • Played on: Oct. 31, 2020, 12:36 p.m.
  • Length: 23:07

All games in this series

Show
View Real Time Build Order
Export as new Build Order

DnS Protoss - Winner!

Build Orders: 1 Gate Expand, Phoenix Opening, Colossus Rush 

Get SALT Encoding   

  12  0:00  Probe  
  13  0:12  Probe  
  14  0:16  Pylon  
  14  0:24  Probe (Chrono Boost)  
  15  0:36  Gateway  
  15  0:37  Probe (Chrono Boost)  
  16  0:43  Probe (Chrono Boost)  
  16  0:46  Assimilator  
  17  0:51  Probe  
  18  1:03  Probe  
  19  1:15  Probe  
  20  1:23  Cybernetics Core  
  20  1:32  Nexus  
  20  1:36  Probe  
  21  1:44  Pylon  
  21  1:48  Probe  
  21  1:53  Assimilator  
  22  2:00  Adept (Chrono Boost)  
  22  2:04  Shield Battery  
  22  2:07  Probe  
  25  2:19  Probe  
  25  2:20  Adept (Chrono Boost)  
  26  2:29  Stargate  
  28  2:32  Probe  
  29  2:39  Warp Gate  
  29  2:44  Probe (Chrono Boost)  
  31  2:52  Probe (Chrono Boost)  
  31  2:53  Adept  
  31  2:56  Probe (Chrono Boost)  
  34  3:01  Probe x2 (Chrono Boost)  
  36  3:10  Probe  
  36  3:11  Probe  
  36  3:12  Phoenix (Chrono Boost)  
  38  3:19  Pylon  
  40  3:22  Probe  
  40  3:23  Probe  
  42  3:29  Phoenix  
  44  3:34  Probe  
  44  3:35  Probe  
  46  3:46  Probe  
  46  3:47  Probe, Pylon  
  46  3:48  Gateway  
  48  3:50  Assimilator  
  48  3:54  Phoenix (Chrono Boost)  
  50  3:58  Probe  
  50  4:00  Probe  
  52  4:03  Robotics Facility  
  52  4:04  Assimilator  
  50  4:11  Probe  
  50  4:12  Probe  
  50  4:14  Phoenix (Chrono Boost)  
  54  4:19  Pylon  
  54  4:23  Probe  
  55  4:24  Probe  
  55  4:27  Adept  
  58  4:35  Probe, Pylon  
  58  4:36  Probe, Phoenix (Chrono Boost)  
  62  4:47  Probe  
  62  4:50  Nexus  
  62  4:52  Observer  
  64  4:58  Robotics Bay  
  64  5:00  Adept  
  64  5:01  Adept  
  64  5:06  Probe  
  69  5:07  Pylon  
  69  5:09  Probe  
  70  5:16  Observer (Chrono Boost)  
  70  5:18  Probe  
  73  5:21  Probe  
  73  5:25  Sentry  
  75  5:28  Pylon  
  75  5:30  Probe  
  75  5:31  Pylon, Gateway, Observer (Chrono Boost)  
  75  5:33  Probe  
  78  5:43  Probe  
  78  5:44  Forge  
  78  5:45  Probe, Pylon  
  78  5:49  Colossus (Chrono Boost)  
  80  5:53  Sentry  
  80  5:55  Probe  
  89  5:57  Probe  
  89  5:59  Shield Battery  
  90  6:04  Adept  
  90  6:05  Shield Battery  
  90  6:10  Shield Battery  
  92  6:12  Shield Battery  
  92  6:19  Protoss Ground Weapons Level 1 (Chrono Boost)  
  92  6:20  Shield Battery  
  92  6:23  Probe x3  
  95  6:27  Colossus (Chrono Boost)  
  101  6:35  Probe x2  
  101  6:36  Probe, Extended Thermal Lance (Chrono Boost)  
  101  6:37  Observer  
  101  6:38  Pylon  
  101  6:39  Observer  
  104  6:41  Gateway  
  104  6:42  Gateway  
  104  6:43  Twilight Council  
  104  6:47  Probe, Gateway  
  104  6:48  Pylon  
  104  6:53  Probe  
  106  6:55  Probe  
  106  6:56  Assimilator  
  106  6:57  Assimilator  
  106  6:59  Probe  
  107  7:05  Probe  
  107  7:07  Probe  
  109  7:14  Gateway  
  109  7:15  Gateway  
  109  7:18  Charge (Chrono Boost), Colossus (Chrono Boost)  
  115  7:23  Zealot x3  
  115  7:27  Pylon  
  119  7:36  Templar Archives  
  117  7:39  Stalker x2  
  117  7:41  Phoenix  
  117  7:42  Pylon  
  121  7:46  Stalker x2  
  121  7:47  Zealot  
  127  7:53  Pylon  
  127  7:56  Nexus, Forge  
  127  7:59  Pylon  
  127  8:08  Zealot x5  
  127  8:09  Warp Prism (Chrono Boost)  
  139  8:14  Gravitic Drive  
  139  8:28  Protoss Ground Weapons Level 2 (Chrono Boost)  
  139  8:36  Probe x3  
  139  8:38  Zealot x2, High Templar x2  
  139  8:39  Zealot x4  
  158  8:42  Observer  
  158  8:43  Pylon, Archon  
  158  8:45  Protoss Ground Armor Level 1 (Chrono Boost)  
  158  8:51  Blink  
  158  8:55  Disruptor  
  158  8:57  Robotics Facility  
  158  8:59  Gateway x2  
  161  9:03  Shield Battery  
  162  9:10  Probe x4, Assimilator  
  162  9:11  Assimilator  
  162  9:14  Dark Shrine  
  165  9:22  Probe  
  166  9:26  Probe x2  
  166  9:29  Disruptor (Chrono Boost)  
  168  9:33  Gateway x2  
  171  9:40  Stalker, High Templar x2  
  171  9:41  Stalker x2  
  171  9:45  Archon  
  179  9:54  Disruptor (Chrono Boost)  
  179  9:56  Disruptor (Chrono Boost)  
  177  10:16  Fleet Beacon  
  177  10:22  Photon Cannon  
  177  10:24  Zealot x2  
  177  10:25  Zealot x7  
  195  10:30  Pylon, Nexus  
  195  10:32  Pylon  
  195  10:39  Disruptor  
  195  10:42  Pylon  
  196  10:48  Disruptor  
  199  10:51  Protoss Ground Weapons Level 3 (Chrono Boost)  
  199  10:52  Protoss Ground Armor Level 2 (Chrono Boost)  
  199  10:56  Observer  
  185  11:14  Zealot x10  
  199  11:23  Stargate  
  199  11:25  Stargate  
  199  11:31  Shield Battery  
  199  11:32  Shield Battery  
  199  11:34  Photon Cannon  
  199  11:35  Photon Cannon  
  199  11:37  Photon Cannon  
  199  11:39  Protoss Air Weapons Level 1 (Chrono Boost), Shield Battery  
  199  11:42  Pylon  
  180  11:55  Tempest (Chrono Boost)  
  175  12:03  Tempest (Chrono Boost), Disruptor  
  175  12:04  Disruptor  
  175  12:07  Tempest (Chrono Boost)  
  175  12:29  Zealot x2, Dark Templar x2  
  183  12:30  Zealot x8  
  183  12:31  Assimilator  
  183  12:33  Assimilator  
  199  12:37  Robotics Facility  
  197  13:00  Shadow Stride  
  197  13:04  Observer  
  175  13:07  Tempest x3  
  182  13:25  Protoss Ground Armor Level 3 (Chrono Boost)  
  182  13:33  Protoss Shields Level 1 (Chrono Boost)  
  182  13:35  Shield Battery  
  182  13:41  Photon Cannon x2  
  182  13:42  Shield Battery  
  182  13:44  Pylon  
  182  13:48  Protoss Air Weapons Level 2 (Chrono Boost), Observer  
  182  13:53  Tempest  
  182  13:54  Tempest x2  
  185  14:08  Shield Battery, Photon Cannon x2  
  185  14:11  Photon Cannon  
  185  14:12  Observer  
  185  14:13  Pylon, Photon Cannon  
  186  14:20  Stalker x7  
  195  14:40  Tempest x2  
  196  14:57  Dark Templar x2  
  184  15:17  Tempest  
  187  15:23  Tempest  
  192  15:34  Nexus  
  186  15:42  Tempest  
  186  15:46  Pylon  
  186  15:48  Pylon  
  189  15:51  Probe  
  188  16:00  Tempest  
  193  16:04  Protoss Air Weapons Level 3 (Chrono Boost)  
  193  16:13  Tempest  
  190  16:25  Tempest  
  190  16:27  Observer  
  190  16:29  Disruptor  
  176  16:42  Dark Templar x6  
  176  16:43  Zealot, Dark Templar x4  
  176  16:44  Zealot  
  200  16:55  Shield Battery  
  200  16:56  Photon Cannon  
  200  16:58  Photon Cannon  
  200  17:00  Shield Battery  
  200  17:01  Shield Battery  
  200  17:02  Protoss Shields Level 2 (Chrono Boost)  
  200  17:03  Shield Battery  
  200  17:05  Photon Cannon  
  200  17:08  Photon Cannon  
  200  17:09  Shield Battery  
  200  17:14  Observer  
  200  17:15  Gravitic Boosters (Chrono Boost), Observer x2  
  198  17:24  Shield Battery  
  198  17:27  Unknown, Shield Battery  
  198  17:28  Pylon  
  198  17:31  Unknown  
  193  17:43  Tempest x2 (Chrono Boost)  
  196  18:02  Nexus  
  196  18:04  Assimilator  
  196  18:07  Tempest (Chrono Boost)  
  189  18:23  Archon  
  192  18:33  Tempest (Chrono Boost), Protoss Air Armor Level 1, Stargate  
  192  18:34  Stargate  
  192  18:44  Shield Battery  
  192  18:45  Shield Battery  
  192  18:46  Oracle (Chrono Boost), Shield Battery  
  185  19:03  Tempest (Chrono Boost)  
  185  19:06  Tempest (Chrono Boost)  
  188  19:15  Phoenix (Chrono Boost)  
  192  19:47  Dark Templar x4  
  192  19:48  Dark Templar  
  194  20:15  Stalker x2  
  194  20:16  Stalker  
  198  20:25  Tempest x2  
  190  20:33  Stalker x7  
  194  20:36  Pylon  
  194  20:41  Probe  
  194  20:42  Probe x3  
  151  20:52  Tempest x2  
  151  20:53  Probe  
  151  20:54  Probe x3  
  172  20:59  Zealot x10  
  186  21:05  Probe  
  186  21:07  Robotics Facility  
  178  21:21  Zealot x7  
  178  21:22  Zealot  
  171  21:35  Tempest x2  
  169  21:49  Stalker x6  
  169  21:51  Zealot x2  
  166  22:05  Probe (Chrono Boost)  
  166  22:06  Probe x3 (Chrono Boost)  
  172  22:16  Probe x3 (Chrono Boost), Disruptor (Chrono Boost)  
  172  22:17  Probe (Chrono Boost)  
  172  22:18  Archon x2  
  172  22:19  Observer  
  172  22:20  Probe (Chrono Boost)  
  172  22:21  Probe (Chrono Boost)  
  177  22:33  Robotics Facility  
Show
View Real Time Build Order
Export as new Build Order

Kas Terran 

Build Orders: Reaper Expand 

Get SALT Encoding   

  12  0:01  SCV  
  13  0:13  SCV  
  14  0:17  Supply Depot  
  14  0:25  SCV  
  15  0:38  SCV  
  15  0:40  Barracks  
  16  0:44  Refinery  
  16  0:50  SCV  
  17  1:02  SCV  
  18  1:15  SCV  
  19  1:28  Reaper, Orbital Command  
  20  1:42  Command Center  
  20  1:47  Supply Depot  
  20  1:55  SCV  
  20  2:00  Marine  
  22  2:07  SCV  
  22  2:08  Factory  
  23  2:17  Bunker  
  23  2:19  SCV  
  24  2:24  Barracks Reactor, Refinery  
  24  2:31  SCV  
  25  2:43  SCV  
  25  2:53  Factory Tech Lab  
  25  2:55  Orbital Command  
  25  2:56  SCV  
  26  3:01  Marine x2  
  26  3:03  Starport  
  28  3:08  SCV  
  29  3:19  Marine x2  
  31  3:20  SCV  
  31  3:21  Cyclone  
  31  3:23  SCV  
  36  3:32  SCV  
  36  3:35  SCV  
  36  3:37  Marine x2  
  36  3:39  Supply Depot  
  39  3:44  Viking, SCV  
  39  3:47  SCV  
  43  3:56  Cyclone  
  43  4:00  Marine x2  
  43  4:01  SCV x2  
  50  4:10  Supply Depot  
  50  4:13  SCV x2, Supply Depot  
  50  4:16  Viking  
  54  4:31  SCV x2, Marine x2  
  58  4:38  Command Center  
  58  4:41  Siege Tank  
  58  4:44  SCV x2  
  63  4:50  Viking  
  65  4:53  Supply Depot  
  65  4:56  SCV x2, Marine x2  
  69  5:00  Supply Depot  
  69  5:05  Barracks  
  69  5:07  Barracks  
  69  5:08  SCV  
  70  5:15  SCV, Siege Tank  
  70  5:17  Marine x2  
  70  5:20  SCV  
  77  5:22  Viking  
  77  5:26  Supply Depot  
  77  5:27  SCV  
  80  5:28  Refinery  
  80  5:29  Refinery  
  80  5:32  SCV  
  80  5:34  Engineering Bay  
  81  5:37  Marine  
  81  5:38  Marine  
  81  5:39  SCV  
  84  5:44  SCV  
  85  5:53  Orbital Command  
  85  5:54  Starport Reactor, Marine  
  85  5:55  Barracks Tech Lab  
  85  5:56  Marine, Barracks Tech Lab  
  85  5:57  SCV, Siege Tank  
  91  6:06  SCV  
  91  6:07  Supply Depot, Terran Infantry Weapons Level 1  
  91  6:09  SCV  
  93  6:12  Orbital Command, Marine  
  93  6:14  Marine  
  96  6:18  SCV  
  96  6:24  SCV  
  97  6:26  Missile Turret  
  97  6:27  Missile Turret  
  97  6:28  Combat Shield, Missile Turret  
  97  6:30  SCV, Stimpack  
  98  6:36  SCV  
  98  6:37  Barracks x2  
  98  6:38  SCV  
  100  6:42  SCV  
  100  6:46  Refinery  
  101  6:47  Refinery  
  101  6:48  SCV  
  101  6:50  SCV  
  101  6:52  Marauder x2, Marine x2  
  109  6:54  SCV  
  109  7:00  SCV  
  111  7:02  SCV  
  111  7:05  Supply Depot  
  111  7:06  Supply Depot  
  111  7:07  SCV  
  113  7:09  Ghost Academy  
  113  7:12  SCV  
  113  7:13  Viking  
  113  7:14  Viking  
  117  7:16  SCV  
  117  7:21  SCV  
  115  7:26  Marauder  
  115  7:27  Marauder, Siege Tank  
  122  7:32  SCV, Barracks Reactor, Barracks Tech Lab  
  122  7:34  SCV, Marine x2  
  122  7:36  SCV  
  127  7:39  Supply Depot  
  127  7:40  Supply Depot x2  
  127  7:44  SCV  
  128  7:47  Ghost x2  
  132  7:54  Marine  
  132  7:57  Supply Depot  
  133  8:00  Medivac x2, Marine  
  133  8:01  SCV x2  
  133  8:04  SCV  
  141  8:05  Missile Turret  
  141  8:06  Supply Depot, Terran Infantry Armor Level 1  
  141  8:08  Missile Turret  
  141  8:12  Marauder  
  143  8:13  SCV, Marine x2  
  143  8:16  Marauder  
  143  8:19  SCV  
  149  8:22  Factory Reactor  
  145  8:32  Viking x2, Marauder  
  145  8:33  Marauder  
  149  8:35  SCV  
  149  8:37  Command Center  
  149  8:38  Armory  
  150  8:41  Engineering Bay  
  150  8:44  Enhanced Shockwaves  
  150  8:50  SCV x3, Sensor Tower  
  153  8:56  Marauder x2, Marine x3  
  153  8:57  Marine x2  
  153  9:02  SCV  
  163  9:06  Supply Depot  
  163  9:07  Supply Depot  
  163  9:13  Supply Depot  
  163  9:16  Marauder  
  163  9:17  Missile Turret, Marine x2  
  165  9:19  Missile Turret  
  165  9:21  Marauder x2, Marine  
  165  9:22  Marine  
  173  9:27  SCV  
  174  9:31  Starport  
  174  9:37  Marauder  
  176  9:43  Medivac x2, Marauder  
  182  9:48  Marine x2  
  182  9:49  Barracks  
  182  9:50  Barracks  
  182  9:51  Barracks  
  184  9:53  SCV x2  
  184  9:54  SCV  
  187  10:02  Personal Cloaking  
  187  10:10  Liberator x2  
  193  10:19  Ghost  
  193  10:20  Bunker  
  195  10:25  Planetary Fortress  
  195  10:28  Refinery  
  195  10:29  Refinery, Marauder x2, Marine  
  195  10:34  Terran Infantry Armor Level 2, Terran Infantry Weapons Level 2  
  200  10:38  Concussive Shells, Barracks Tech Lab  
  200  10:39  Barracks Tech Lab  
  200  10:46  Command Center  
  200  10:49  Command Center  
  200  10:57  Fusion Core  
  200  10:58  Terran Ship Weapons Level 1  
  192  11:16  Missile Turret  
  189  11:18  Sensor Tower  
  189  11:19  Missile Turret  
  189  11:22  Bunker, Liberator  
  189  11:23  Liberator x2  
  198  11:26  Liberator  
  182  12:05  Marauder x3, Marine x3, Liberator x2  
  182  12:06  Marauder x3  
  183  12:09  Advanced Ballistics, Liberator x2  
  183  12:13  Orbital Command x2  
  189  12:16  Command Center  
  189  12:26  Marauder  
  189  12:27  Marauder  
  190  12:36  Ghost x2  
  194  12:43  Missile Turret  
  194  12:48  Missile Turret x2, Liberator x2  
  179  13:19  Liberator  
  181  13:32  Command Center  
  181  13:33  Liberator x3  
  190  13:34  Ghost x3  
  190  13:35  Nuke  
  190  13:36  Terran Ship Weapons Level 2  
  195  13:57  Planetary Fortress  
  195  14:08  Ghost  
  195  14:09  Ghost  
  199  14:30  Ghost x3  
  178  14:55  Viking x2  
  178  14:57  Viking x2, Ghost  
  178  14:58  Ghost  
  183  15:19  Marauder x2  
  179  15:25  Viking x2  
  179  15:26  Marauder, Marine  
  179  15:27  Viking, Marauder  
  190  15:31  Missile Turret  
  190  15:33  Ghost x2  
  190  15:34  Marine x2  
  196  15:39  SCV  
  196  15:40  SCV  
  196  15:42  Orbital Command  
  198  15:48  SCV x2  
  197  15:57  Viking  
  164  16:29  Viking x2  
  147  16:42  Terran Ship Weapons Level 3, Nuke  
  147  16:43  Viking x2  
  147  16:46  Marauder x6, Marine x2  
  165  16:47  Starport  
  165  16:48  Refinery  
  165  16:49  Refinery, Missile Turret  
  165  16:59  Viking x2  
  165  17:00  Marine x2  
  171  17:02  SCV  
  171  17:04  SCV x2, Marine  
  171  17:07  Ghost x2, Marauder x4  
  187  17:15  SCV, Viking x2  
  192  17:18  SCV  
  193  17:26  Starport Reactor  
  193  17:28  Marauder  
  193  17:29  Marauder x2  
  197  17:35  Ghost x2  
  196  17:48  Viking x2  
  196  17:49  Viking  
  197  17:58  Marine x2  
  188  18:05  Marine x2  
  185  18:12  Orbital Command  
  176  18:13  Orbital Command  
  176  18:15  Ghost  
  176  18:16  Ghost  
  176  18:18  Nuke  
  180  18:22  Viking  
  182  18:37  Viking x2  
  182  18:39  Marauder  
  184  19:01  Liberator x4  
  188  19:09  Liberator x2  
  182  19:19  Marauder  
  184  19:34  Ghost x2  
  184  19:35  Nuke  
  184  19:36  Terran Vehicle And Ship Armor Level 1  
  188  19:43  Viking  
  188  19:44  Viking  
  188  19:45  Marauder x2  
  194  19:46  Marauder x2, Marine x2  
  194  20:09  Command Center  
  187  20:18  Ghost  
  155  20:35  Viking  
  131  20:44  Orbital Command  
  131  20:47  Marauder x3, Marine x3  
  142  21:04  Marauder  
  127  21:36  Marauder x2  
  93  21:51  Viking  
  59  22:07  Marine x3  
  59  22:08  Marine x3  
  61  22:18  Marine x2  
  61  22:20  Viking x2  
  67  22:23  Medivac  
  67  22:26  Marine x3  
  67  22:27  Marine  
  73  22:33  Medivac  
  73  22:34  Medivac  
  73  22:35  Marine x3  
Tags
 
Add a new tag
Caveats
  • Supply blocks, unpowered buildings, or Contaminate may cause inaccurate times.
  • Supply counts are checked every 10 seconds.